 Dungeon Crawl Stone Soup version 0.26.1-2-gb8aa6d0cf2 (webtiles) character file.

Game seed: 3398654325397943615

10470 Gadfly the Protected (level 11, 0/160 HPs)
             Began as a Troll Berserker on Mar 2, 2021.
             Was a High Priest of Trog.
             Slain by a fire bat (2 damage)
             ... on level 1 of the Lair of Beasts.
             The game lasted 00:22:42 (10799 turns).

Gadfly the Protected (Troll Berserker)             Turns: 10799, Time: 00:22:44

Health: 0/160      AC: 16    Str: 28    XL:     11   Next: 36%
Magic:  10/10      EV: 10    Int:  8    God:    Trog [*****.]
Gold:   47         SH:  4    Dex: 15    Spells: 10/10 levels left

rFire    + + .     SeeInvis .   a - +2 mace (protect)
rCold    + . .     Faith    .   (no shield)
rNeg     . . .     Spirit   .   s - +0 troll leather armour
rPois    .         Reflect  .   v - +0 hat
rElec    .         Harm     .   E - scarf {rC+ rF+}
rCorr    .         Rampage  .   (gloves unavailable)
Will     .....                  (boots unavailable)
Stlth    ..........             k - amulet of the acrobat
HPRegen  1.16/turn              l - ring "Pehaitt" {rC+ Int+5 Dex+4}
MPRegen  0.12/turn              p - ring of fire

@: berserking, protection aura, very quick
A: large, unfitting armour, claws 3, hooves 1, large bone plates 1, regeneration
1, shaggy fur 1, tough skin 3
a: Renounce Religion, Berserk, Trog's Hand, Brothers in Arms


You were on level 1 of the Lair of Beasts.
You worshipped Trog.
Trog was extremely pleased with you.
You visited 3 branches of the dungeon, and saw 13 of its levels.

You collected 742 gold pieces.
You spent 695 gold pieces at shops.

Inventory:

Hand Weapons
 a - a +2 mace of protection (weapon)
 b - a +1 dagger of venom
 B - a +0 dire flail
 C - a +0 broad axe of freezing
 D - a +0 great mace
Armour
 s - a +0 troll leather armour (worn)
 v - a +0 hat (worn)
 w - a +2 robe of willpower
 E - a scarf of resistance (worn)
Jewellery
 k - an amulet of the acrobat (around neck)
 l - the ring "Pehaitt" (left claw) {rC+ Int+5 Dex+4}
   (You found it on level 5 of the Dungeon)

   [ring of protection from cold]

   It affects your intelligence (+5).
   It affects your dexterity (+4).
   It protects you from cold.
 p - a ring of fire (right claw)
 t - an uncursed ring of fire
 z - an uncursed ring of positive energy
 A - an uncursed ring of positive energy
Wands
 q - a wand of polymorph (4)
 r - a wand of disintegration (5)
 u - a wand of flame (31) (quivered)
 y - a wand of paralysis (6)
Scrolls
 f - 2 scrolls of fear
 g - 2 scrolls of teleportation
 h - 5 scrolls of identify
 m - a scroll of blinking
 n - 2 scrolls of magic mapping
 o - 8 scrolls of remove curse
Potions
 c - a potion of flight
 d - 3 potions of might
 e - 6 potions of curing
 i - 2 potions of mutation
 j - a potion of heal wounds
 F - a potion of resistance
Miscellaneous
 x - a box of beasts


   Skills:
 + Level 6.7 Fighting
 * Level 7.7 Maces & Flails
 + Level 8.6 Armour
 - Level 2.4 Dodging
 + Level 7.8 Evocations


You had 10 spell levels left.
You didn't know any spells.
Your spell library was empty.

Dungeon Overview and Level Annotations

Branches:
Dungeon (11/15)            Temple (1/1) D:6            Lair (1/6) D:8
    Orc (0/2) D:11

Altars:
Ashenzari
Cheibriados
Dithmenos
Elyvilon
Fedhas
Gozag
Hepliaklqana
Kikubaaqudgha
Makhleb
Nemelex Xobeh
Okawaru
Qazlal
Ru
Sif Muna
Trog
Uskayaw
Vehumet
Wu Jian
Xom
Yredelemnul
Zin
The Shining One

Shops:
D:7 [   D:8 [

Annotations:
Lair:1 1 transporter


Innate Abilities, Weirdness & Mutations

You are too large for most types of armour.
You have claws for hands.
Your natural rate of healing is unusually fast.
You are covered in fur. (AC +1)
You have extremely tough skin. (AC +3)
You have large cloven feet.
You are partially covered in large bone plates. (SH +4)


Message History

The fire bat bites you but does no damage. x2
You sock the fire elemental! You kick the fire elemental.
You destroy the fire elemental!
Trog accepts your kill.
The fire bat bites you but does no damage.
The fire bat closely misses you.
You closely miss the fire bat. You kick the fire bat!
The fire bat is almost dead.
The fire bat bites you.
* * * LOW HITPOINT WARNING * * *
You are engulfed in flames.
You resist.
* * * LOW HITPOINT WARNING * * *
The fire bat bites you but does no damage.
You miss the fire bat. You kick the fire bat.
You kill the fire bat!
Trog accepts your kill. The fire bat bites you.
* * * LOW HITPOINT WARNING * * *
You are engulfed in flames.
You resist.
You die...

##...### #...#
#...# #...#
###...# #...#
##### #.....###
#...# #☼°○☼
########.#.# ...#
#°☼.○○#°○○°○○#...#
#○°°°○#.○○○☼☼###[#
#[[°☼☼°.#.#°○#...#
#©)○°○b@b.©°○#©..#
#??☼☼○☼.#.#☼☼#..##
#°○°°○#°°○☼○°#..#
#○°°°°#°○○○°°####
#°°°° ########
#####


You could see 2 fire bats.

Vanquished Creatures
  A yaktaur captain (D:9)
  A boulder beetle (D:9)
  A two-headed ogre (D:10)
  A fire crab (Lair:1)
  Joseph (D:7)
  2 komodo dragons
  A polar bear (Lair:1)
  2 trolls (D:9)
  Prince Ribbit (D:6)
  A wyvern (D:11)
  7 yaks (D:9)
  Grum (D:11)
  A fire elemental (Lair:1)
  A fire bat (Lair:1)
  6 ice beasts
  A black bear (D:8)
  4 orc warriors
  A phantom (D:9)
  A centaur (D:9)
  3 necrophages (D:9)
  5 ogres
  3 wolves (D:11)
  A big kobold (D:11)
  4 bullfrogs
  A water moccasin zombie (D:7)
  2 scorpions
  18 killer bees
  5 howler monkeys
  A quasit (D:11)
  4 hounds
  3 orc priests
  12 orc wizards
  4 iguanas
  3 bullfrog skeletons
  Terence (D:3)
  8 worker ants
  A hound zombie (D:5)
  A hound skeleton (D:8)
  A howler monkey zombie (D:10)
  10 gnolls
  6 adders
  2 white imps
  3 oozes
  An adder skeleton (D:4)
  An adder zombie (D:10)
  2 dart slugs
  4 worms
  6 leopard geckos
  24 orcs
  2 ball pythons
  3 giant cockroaches
  6 goblins (D:3)
  9 hobgoblins
  7 jackals
  3 kobolds (D:2)
  4 quokkas
  7 bats
  4 frilled lizards
  A jackal skeleton (D:4)
  5 rats
226 creatures vanquished.

Vanquished Creatures (others)
  4 fungi
  2 plants (D:8)
6 creatures vanquished.

Grand Total: 232 creatures vanquished

Notes
Turn   | Place    | Note
-------+----------+-------------------------------------------
     0 | D:1      | Gadfly the Troll Berserker began the quest for the Orb.
     0 | D:1      | Reached XP level 1. HP: 22/22 MP: 0/0
   236 | D:1      | You fall into a shaft and drop 1 floor!
   312 | D:2      | Reached XP level 2. HP: 29/29 MP: 1/1
   379 | D:2      | Reached skill level 1 in Armour
   379 | D:2      | Reached skill level 1 in Evocations
   457 | D:2      | Reached XP level 3. HP: 36/36 MP: 2/2
   598 | D:2      | Reached ** piety under Trog
  1260 | D:3      | Found a basalt altar of Yredelemnul.
  1400 | D:3      | Found an ancient bone altar of Kikubaaqudgha.
  1428 | D:3      | Noticed Terence
  1437 | D:3      | Killed Terence
  1438 | D:3      | Reached XP level 4. HP: 44/44 MP: 3/3
  1767 | D:3      | Reached skill level 2 in Armour
  1767 | D:3      | Reached XP level 5. HP: 13/52 MP: 4/4
  2257 | D:3      | Reached *** piety under Trog
  2477 | D:3      | Found a shimmering blue altar of Sif Muna.
  2832 | D:4      | Reached XP level 6. HP: 61/61 MP: 5/5
  3020 | D:4      | Found a blossoming altar of Fedhas.
  3367 | D:5      | Entered Level 5 of the Dungeon
  3370 | D:5      | Found a broken altar of Ashenzari.
  3563 | D:5      | Reached skill level 3 in Armour
  3610 | D:5      | Found Fuubb's Jewellery Shop.
  3693 | D:5      | Reached XP level 7. HP: 38/67 MP: 6/6
  3830 | D:5      | Got a brightly glowing steel ring
  4114 | D:5      | Identified the ring "Pehaitt" {rC+ Int+5 Dex+4} (You found
                  | it on level 5 of the Dungeon)
  4400 | D:6      | Noticed Prince Ribbit
  4417 | D:6      | Killed Prince Ribbit
  4418 | D:6      | Reached skill level 4 in Armour
  4481 | D:6      | Gained mutation: You are partially covered in large bone
                  | plates. (SH +4) [potion of mutation]
  4481 | D:6      | Gained mutation: You have large cloven feet. [potion of
                  | mutation]
  4492 | D:6      | You fall into a shaft and drop 2 floors!
  4702 | D:6      | Found a hazy altar of Hepliaklqana.
  4919 | D:6      | Reached XP level 8. HP: 75/78 MP: 7/7
  4927 | D:6      | Reached **** piety under Trog
  4965 | D:6      | Found a sparkling altar of Nemelex Xobeh.
  5048 | D:6      | Found a staircase to the Ecumenical Temple.
  5058 | Temple   | Entered the Ecumenical Temple
  5247 | D:7      | Found a bloodstained altar of Trog.
  5449 | D:7      | Found a burning altar of Makhleb.
  5514 | D:7      | Found Xochooth's Antique Armour Boutique.
  5602 | D:7      | Found an iron altar of Okawaru.
  5608 | D:7      | Noticed Joseph
  5622 | D:7      | Killed Joseph
  5623 | D:7      | Reached skill level 5 in Armour
  6105 | D:8      | Noticed a komodo dragon
  6116 | D:8      | Reached skill level 5 in Maces & Flails
  6123 | D:8      | Killed a komodo dragon
  6124 | D:8      | Reached skill level 5 in Evocations
  6124 | D:8      | Reached XP level 9. HP: 85/85 MP: 8/8
  6415 | D:8      | Found a staircase to the Lair.
  6621 | D:8      | Found Afuif's Armour Emporium.
  6800 | D:8      | Found a snail-covered altar of Cheibriados.
  7038 | D:8      | Bought a +2 robe of willpower for 247 gold pieces
  7105 | D:9      | Reached skill level 6 in Armour
  7112 | D:9      | Reached skill level 5 in Fighting
  7585 | D:9      | Noticed a troll
  7681 | D:9      | Killed a troll
  7682 | D:9      | Reached XP level 10. HP: 69/96 MP: 9/9
  7763 | D:9      | Reached skill level 7 in Armour
  8366 | D:9      | Reached ***** piety under Trog
  8511 | D:9      | Noticed a boulder beetle
  8529 | D:9      | Killed a boulder beetle
  8531 | D:9      | Noticed a yaktaur captain
  8561 | D:9      | Killed a yaktaur captain
  8562 | D:9      | Reached skill level 8 in Armour
  8976 | D:10     | Entered Level 10 of the Dungeon
  9139 | D:10     | Noticed a two-headed ogre
  9152 | D:10     | Killed a two-headed ogre
  9153 | D:10     | Reached XP level 11. HP: 86/105 MP: 10/10
  9479 | D:10     | Received a gift from Trog
  9480 | D:10     | Found the +12 Vampire's Tooth {vamp}
  9687 | D:11     | Found a hide-covered altar of Uskayaw.
  9698 | D:11     | Noticed Grum
  9715 | D:11     | Killed Grum
  9827 | D:11     | Found a staircase to the Orcish Mines.
 10370 | D:8      | Bought a scarf of resistance for 448 gold pieces
 10428 | Lair:1   | Entered Level 1 of the Lair of Beasts
 10487 | Lair:1   | Found a transporter.
 10781 | Lair:1   | Found a transporter.
 10781 | Lair:1   | Noticed a fire crab
 10791 | Lair:1   | Killed a fire crab
 10795 | Lair:1   | HP: 8/160 [fire bat (3)]
 10799 | Lair:1   | HP: 2/160 [fire bat (5)]
 10799 | Lair:1   | Slain by a fire bat

Illustrated notes

Levels and vault maps discovered:
D:1:      dpeg_arrival_orchard, layout_basic
D:2:      layout_basic, serial_corexii_hall, corexii_hall_statues_u,
          corexii_hall_statues_s, chequers_hall_statues_y,
          corexii_hall_statues_s, corexii_hall_statues_s,
          corexii_hall_statues_deadend
D:3:      layout_basic, general_overflow_altar, nicolae_overflow_crystal_walls,
          nicolae_overflow_hidden_temple, grunt_ministairs_11,
          minmay_misc_feat_rows, uniq_terence
D:4:      layout_basic, lemuel_round_altar
D:5:      layout_rooms, ashenzari_altar_1, serial_shops, shop,
          kennysheep_another_room, kennysheep_big_empty_room
D:6:      layout_loops_ring, nzn_hepliaklqana_mist_gate,
          minmay_temple_entry_enclosed_plants,
          nemelex_xobeh_ov_fountains_minmay, uniq_prince_ribbit1
D:7:      layout_basic, okawaru_trees_1, kennysheep_mini,
          lemuel_coloured_pillars_altar, kennysheep_small_circle, uniq_joseph
D:8:      layout_layer_cave, cheibrodos_worm_habitat,
          grunt_lair_entry_orc_guard_hut, serial_shops, shop
D:9:      layout_basic, minivault_22, interstate_on_off, evilmike_minifort
D:10:     layout_big_octagon
D:11:     layout_irregular_city, orc_0_dummy, basic_altar,
          chequers_serial_rivers_large_a, blue_anna_alchemist
          [blue_anna_fruit_fields, blue_anna_fruit_fields], uniq_grum
Temple:   nicolae_temple_x_marks_the_god
Lair:1:   gammafunk_cloud_chamber, layout_concentric_octagons, uniq_fannar

Skill      XL: |  1  2  3  4  5  6  7  8  9 10 11 |
---------------+----------------------------------+-----
Armour         | 1 2 3 4 5 6 8 |  8.6
Evocations     | 1 2 3 5 6 7 |  7.8
Maces & Flails | 3 4 5 6 7 |  7.7
Fighting       | 3 4 5 6 |  6.7
Dodging        | |  2.4

Action                   |  1- 3 |  4- 6 |  7- 9 | 10-12 || total
-------------------------+-------+-------+-------+-------++-------
Melee: Mace              |   144 |    89 |   168 |   242 ||   643
       Flail             |       |   105 |    93 |       ||   198
       Kick              |       |       |    97 |   107 ||   204
       Dagger            |       |       |    30 |    63 ||    93
Invok: Berserk           |     1 |     2 |     6 |     5 ||    14
Evoke: Wand              |       |       |     1 |    17 ||    18
  Use: Scroll            |     7 |     4 |     5 |       ||    16
       Potion            |       |     2 |     1 |     2 ||     5
 Stab: Sleeping          |     1 |     1 |       |       ||     2
       Distracted        |       |       |       |     1 ||     1
Armor: Animal skin       |    91 |    96 |    61 |       ||   248
       Robe              |       |       |    63 |       ||    63
       Troll leather arm |       |       |       |   179 ||   179
Dodge: Dodged            |   103 |   144 |   196 |   242 ||   685
Block: Other             |       |       |    46 |    65 ||   111
